 Dungeon Crawl Stone Soup version 0.29.1-1-gd02db6906a (webtiles) character file.

Game seed: 10837407851970980164

92 Pepete the Shield-Bearer (level 4, -2/37 HPs)
             Began as a Formicid Fighter on Sept 22, 2022.
             Slain by Grinder (5 damage)
             ... on level 3 of the Dungeon.
             The game lasted 00:03:06 (2637 turns).

Pepete the Shield-Bearer (Formicid Fighter)         Turns: 2637, Time: 00:03:07

Health: -2/37      AC:  5    Str: 24 (27) XL:     4   Next: 90%
Magic:  4/4        EV:  9    Int:  3 (6)  God:
Gold:   111        SH:  5    Dex: 11 (12) Spells: 3/3 levels left

rFire   + . .      SeeInvis +   a - +1 war axe
rCold   . . .      Faith    .   c - +0 buckler
rNeg    . . .      Spirit   .   b - +0 scale mail
rPois   +          Reflect  .   (helmet unavailable)
rElec   .          Harm     .   (no cloak)
rCorr   .          Rampage  .   (no gloves)
Will    .....                   f - +0 pair of boots
Stlth   ..........              (no amulet)
HPRegen 0.12/turn               i - ring of protection from fire
MPRegen 0.09/turn               t - ring of poison resistance

@: no status effects
A: permanent stasis, dig shafts and tunnels, antennae 3, four strong arms,
talons 1, deformed body, strong 1
a: Dig, Shaft Self


You were on level 3 of the Dungeon.
You visited 1 branch of the dungeon, and saw 3 of its levels.

You collected 111 gold pieces.

Inventory:

Hand Weapons
 a - a +1 war axe (weapon)
Armour
 b - a +0 scale mail (worn)
 c - a +0 buckler (worn)
 f - a +0 pair of boots (worn)
Jewellery
 i - a ring of protection from fire (left hand)
 t - a ring of poison resistance (right hand)
Scrolls
 l - 5 scrolls of identify
 r - a scroll of vulnerability
 s - 2 scrolls of teleportation {unknown}
Potions
 d - 2 potions of might
 e - 2 potions of heal wounds
 h - a potion of degeneration
 m - a potion of mutation
 o - 2 potions of curing
 p - a potion of lignification


   Skills:
 * Level 3.9 Fighting
 * Level 3.1 Axes
 * Level 3.8 Armour
 + Level 0.4 Dodging
 * Level 4.8 Shields


You had 3 spell levels left.
You didn't know any spells.
Your spell library contained the following spells:

 Spells                   Type           Power      Damage    Failure   Level
 Ignite Poison            Fire/Tmut/Pois 0%         N/A       99%         3
 Mephitic Cloud           Conj/Pois/Air  0%         N/A       99%         3
 Freezing Cloud           Conj/Ice/Air   0%         6-21      100%        5


Dungeon Overview and Level Annotations

Branches:
Dungeon (3/15)

Altars:
Dithmenos
Nemelex Xobeh

Shops:
D:2 [

Annotations:
D:3 Grinder


Innate Abilities, Weirdness & Mutations

You cannot be hasted, slowed, berserked, paralysed or teleported.
You can dig through walls and to a lower floor.
You have a pair of large antennae on your head. (SInv)
Your four strong arms can wield two-handed weapons with a shield.
You have sharp toenails.
Armour fits poorly on your strangely shaped body.
Your muscles are strong. (Str +4, Int/Dex -1)


Message History

Grinder is nearby!
You closely miss Grinder.
Grinder is severely wounded.
Grinder hits you but does no damage.
Unknown command.
Grinder is nearby!
You closely miss Grinder.
Grinder is severely wounded.
Grinder barely misses you. Grinder gestures at you.
You resist with significant effort.
Unknown command.
Grinder is nearby!
You barely miss Grinder.
Grinder is severely wounded.
Grinder hits you.
You writhe in agony.
Unknown command.
Grinder is nearby!
You are too injured to fight recklessly!
Unknown command.
Grinder is nearby!
You are too injured to fight recklessly!
Unknown command.
You are too injured to fight recklessly!
Grinder is nearby!
Unknown command.
You are too injured to fight recklessly!
Unknown command.
Grinder is nearby!
You are too injured to fight recklessly!
Unknown command.
Grinder is nearby!
You barely miss Grinder.
Grinder is severely wounded.
Grinder hits you.
* * * LOW HITPOINT WARNING * * *
Grinder hits you.
* * * LOW HITPOINT WARNING * * *
You writhe in agony.
You die...

#...........##
#..<......###
####.........#
#...........##
#.........###..
#.$...........#
#......).######
#......5.#...##.#
#.......@.......#
#.........#.....#
#......?........#
#........._.....#
#########.......#
#.#....(#
#....)..#
##...#### ####


You could see Grinder.

Vanquished Creatures
  3 adders
  2 dart slugs
  2 ball pythons
  4 endoplasms
  2 giant cockroaches
  8 goblins
  8 hobgoblins
  8 jackals
  2 quokkas (D:2)
  2 bats (D:2)
  6 frilled lizards
  4 kobolds (D:2)
  4 rats (D:1)
55 creatures vanquished.

Notes
Turn   | Place    | Note
-------+----------+-------------------------------------------
     0 | D:1      | Pepete the Formicid Fighter began the quest for the Orb.
     0 | D:1      | Reached XP level 1. HP: 18/18 MP: 1/1
   130 | D:1      | Found a faded altar of an unknown god.
   247 | D:1      | Reached XP level 2. HP: 24/24 MP: 2/2
   354 | D:1      | Found a sparkling altar of Nemelex Xobeh.
   619 | D:1      | Reached XP level 3. HP: 28/29 MP: 3/3
  1139 | D:2      | Found Miseen's Armour Boutique.
  1190 | D:2      | Reached XP level 4. HP: 35/37 MP: 4/4
  1501 | D:2      | Gained mutation: Armour fits poorly on your strangely
                  | shaped body. [potion of mutation]
  1501 | D:2      | Gained mutation: You have sharp toenails. [potion of
                  | mutation]
  1501 | D:2      | Gained mutation: Your muscles are strong. (Str +4, Int/Dex
                  | -1) [potion of mutation]
  2621 | D:3      | Found a shadowy altar of Dithmenos.
  2624 | D:3      | Noticed Grinder
  2637 | D:3      | Slain by Grinder

Illustrated notes

Levels and vault maps discovered:
D:1:      roderic_octagonal_star, layout_basic,
          shapermc_ecumenical_altar_mp_vishouse, minmay_hexomino_r4
D:2:      layout_rooms, serial_shops, shop
D:3:      layout_rooms, mainiacjoe_overflow_tiny_flanked, uniq_robin,
          uniq_grinder, uniq_ijyb

Skill      XL: |  1  2  3  4 |
---------------+-------------+-----
Axes           | 3 |  3.1
Fighting       | |  3.9
Armour         | |  3.8
Dodging        | |  0.4
Shields        | |  4.8

Action                   |  1- 3 |  4- 6 || total
-------------------------+-------+-------++-------
Melee: War axe           |    96 |    64 ||   160
  Use: Potion            |       |     7 ||     7
       Scroll            |       |     4 ||     4
Armor: Scale mail        |    60 |    30 ||    90
Dodge: Dodged            |    59 |    35 ||    94
Block: Buckler           |    40 |    14 ||    54
